 Dungeon Crawl Stone Soup version 0.02-100-gc9e1e00884 (webtiles) character file.

Game seed: 7442757384082165619, levelgen mode: deterministic

109 Borgoz the Twirler (level 4, -3/28 HPs) Gargoyle Gladiator. Began on Sept 16, 2020. Splashed by a jelly's acid (5 damage) ... on level 2 of the Dungeon. The game lasted 00:02:54 (733 turns).

Borgoz the Twirler (Gargoyle Gladiator)              Turns: 733, Time: 00:02:55

Health: -3/28      AC:  6    Str: 18    XL:     4 ^: 9
Magic:  5/5        EV: 12    Int:  9    God:
Gold:   57         SH:  0    Dex: 11    Spells: 3/3 levels left

rFire    . . .     Vision   .   a - +0 quarterstaff
rCold    . . .     Gourm    .   (also wielding the above weapon)
rNeg     + . .     Faith    .   g - +0 ring mail
rPois    ∞         Spirit   .   c - +0 helmet
rElec    +         Reflect  .   (no cloak)
rCorr    .         Harm     .   (no gloves)
MR       .....                  (no boots)
Stlth    +.........             (no amulet)
HPRegen  0.19/turn              (no ring)
MPRegen  0.15/turn              (no ring)

@: corroded
A: negative energy resistance 1, electricity resistance, unbreathing,
petrification resistance, rot immunity, AC +3
a: no special abilities


You were on level 2 of the Dungeon.
You were not hungry.

You visited 1 branch of the dungeon, and saw 2 of its levels.

You collected 57 gold pieces.

Inventory:

Weapons
 a - a +0 quarterstaff (weapon)
Armour
 c - a +0 helmet (worn)
 g - a +0 ring mail (worn)
Wands
 d - a wand of ensnaring (9)
Scrolls
 h - a scroll of enchantment
 i - a scroll of magic mapping
Comestibles
 f - 3 rations


   Skills:
 * Level 3.4 Fighting
 * Level 3.7 Maces & Staves
 * Level 2.4 Armour
 + Level 2.7 Dodging
 - Level 1.7 Evocations


You had 3 spell levels left.
You didn't know any spells.
Your spell library was empty.

Dungeon Overview and Level Annotations

Branches:
Dungeon (2/8)

Altars:


Innate Abilities, Weirdness & Mutations

You are resistant to torment.
Your stone body is resilient. (AC +3)
You are immune to poison.
You resist negative energy. (rN+)
You are resistant to electric shocks. (rElec)
You can survive without breathing.
You are immune to petrification.
You are immune to rotting.


Message History

The jelly splashes around in the water.
You are too injured to fight recklessly!
You aren't carrying any potions.
Okay, then.
The jelly blocks your attack.
The slime creature quivers.
The jelly splashes around in the water. x2
You hit the jelly (5).
Your hands burn!
* * * LOW HITPOINT WARNING * * *
The jelly is severely wounded. (4/16) HP The jelly closely misses you (0).
The jelly splashes around in the water.
You hit the jelly (2).
Your hands burn!
* * * LOW HITPOINT WARNING * * *
The jelly is almost dead. (2/16) HP The jelly hits you but does no damage. x2
You hit the jelly (2).
You kill the jelly!
The jelly hits you but does no damage.
You hit the jelly (5).
Your hands burn!
You die...

.≈#
≈PP≈≈≈≈≈.#
..##≈≈≈≈≈≈≈.#
..#≈≈≈≈≈≈≈.#
.≈≈≈≈≈≈≈≈.#
...≈≈J≈..#
#≈≈≈≈≈≈≈≈#
#≈≈≈≈≈≈≈≈#
#.≈J≈...≈#
#≈@≈≈≈≈≈.#
#.≈≈≈≈≈≈.#
#≈≈≈≈≈≈≈.#
#≈≈≈≈≈;≈.#
#?≈≈≈≈≈≈≈#
#;≈≈≈≈≈≈≈#
#≈≈≈≈≈≈≈≈#
#≈≈≈≈≈≈≈≈#
#.≈≈≈≈≈≈≈#


You could see a slime creature, a jelly and 2 neutral slimeheads (passive).

Vanquished Creatures
  2 jellies (D:2)
  An adder (D:2)
  A cinder newt (D:1)
  An ooze (D:1)
  2 dart slugs (D:1)
  A leopard gecko (D:1)
  2 goblins (D:1)
  5 hobgoblins (D:1)
  5 kobolds (D:1)
  2 ball pythons (D:1)
  5 bats (D:1)
  2 rats (D:1)
29 creatures vanquished.

Vanquished Creatures (others)
  A leopard gecko (D:2)
  24 withered plants (D:2)
25 creatures vanquished.

Grand Total: 54 creatures vanquished

Notes
Turn   | Place    | Note
-------+----------+-------------------------------------------
     0 | D:1      | Borgoz the Gargoyle Gladiator began the quest for the Orb.
     0 | D:1      | Reached XP level 1. HP: 12/12 MP: 2/2
    93 | D:1      | Reached XP level 2. HP: 18/18 MP: 3/3
   105 | D:1      | Reached skill level 1 in Armour
   145 | D:1      | Reached XP level 3. HP: 11/22 MP: 4/4
   693 | D:2      | Reached XP level 4. HP: 15/28 MP: 5/5
   728 | D:2      | Noticed a slime creature
   731 | D:2      | HP: 1/28 [acid (4)]
   733 | D:2      | Splashed by a jelly's acid

Levels and vault maps discovered:
D:1:      tarquinn_simple_flora_water_e, layout_loops_ring, first_ration
D:2:      layout_sewer

Skill      XL: |  1  2  3 |
---------------+----------+-----
Armour         | 1 2 |  2.4
Fighting       | 3 |  3.4
Maces & Staves | |  3.7
Dodging        | |  2.7
Evocations     | |  1.7

Action                   |  1- 3 |  4- 6 || total
-------------------------+-------+-------++-------
Melee: Quarterstaff      |    62 |     7 ||    69
  Use: Potion            |     1 |       ||     1
Armor: Leather armour    |    20 |       ||    20
       Ring mail         |     4 |     3 ||     7
Dodge: Dodged            |    39 |     1 ||    40
